 Dungeon Crawl Stone Soup version 0.29-a0-40-g8eb35efe60 (webtiles) character file.

Game seed: 12317137852971996820

1038 shoop the Spear-Bearer (level 8, 0/56 HPs)
             Began as a Merfolk Gladiator on Feb 1, 2022.
             Succumbed to a water moccasin's poison
             ... on level 5 of the Dungeon.
             The game lasted 00:07:17 (5848 turns).

shoop the Spear-Bearer (Merfolk Gladiator)          Turns: 5848, Time: 00:07:18

Health: 0/56       AC:  4    Str: 16    XL:     8   Next: 24%
Magic:  8/8        EV: 12    Int:  8    God:
Gold:   276        SH:  3    Dex: 15    Spells: 7/7 levels left

rFire   . . .      SeeInvis .   a - +0 trident
rCold   . . .      Faith    .   r - +0 buckler
rNeg    . . .      Spirit   .   b - +0 leather armour
rPois   .          Reflect  .   c - +0 helmet
rElec   .          Harm     .   j - scarf {+Inv}
rCorr   .          Rampage  .   (no gloves)
Will    .....                   (no boots)
Stlth   +.........              (no amulet)
HPRegen 0.18/turn               (no ring)
MPRegen 0.11/turn               (no ring)

@: lethally poisoned (0 -> -18)
A: (nimble swimmer 2), mertail
a: Evoke Invisibility


You were on level 5 of the Dungeon.
You visited 1 branch of the dungeon, and saw 5 of its levels.

You collected 276 gold pieces.

Inventory:

Hand Weapons
 a - a +0 trident (weapon)
 n - a +0 club
Missiles
 d - 4 throwing nets (quivered)
Armour
 b - a +0 leather armour (worn)
 c - a +0 helmet (worn)
 j - a scarf of invisibility (worn)
 r - a +0 buckler (worn)
Wands
 q - a wand of flame (10)
Scrolls
 f - a scroll of holy word
 g - a scroll of immolation
 h - 3 scrolls of magic mapping {unknown}
 k - 2 scrolls of fear
 l - 2 scrolls of teleportation
 m - a scroll of summoning
 o - a scroll of identify
 p - a scroll of vulnerability {unknown}
Potions
 e - 3 potions of lignification
 i - a potion of degeneration


   Skills:
 - Level 2.1 Fighting
 + Level 13.8 Polearms
 - Level 2.0 Throwing
 - Level 4.0 Dodging


You had 7 spell levels left.
You didn't know any spells.
Your spell library contained the following spells:

 Spells                   Type           Power      Damage    Failure   Level
 Animate Skeleton         Necr           0%         N/A       58%         1
 Apportation              Tloc           0%         N/A       58%         1
 Pain                     Necr           0%         1d4       58%         1
 Summon Small Mammal      Summ           0%         N/A       58%         1
 Vampiric Draining        Necr           0%         2d6       91%         3


Dungeon Overview and Level Annotations

Branches:
Dungeon (5/15)
 Temple: D:4-7

Altars:
Okawaru

Shops:
D:4 *

Annotations:
D:3 2 transporters, Splatterfish's ghost, amateur GrFi
D:4 Eustachio


Innate Abilities, Weirdness & Mutations

((You are very nimble when in or above water. (Stealth+, EV+, Speed+++)))
Your lower body shifts to a powerful aquatic tail in water.


Message History

The water moccasin bites you.
You closely miss the water moccasin.
The water moccasin is severely wounded.
You block the water moccasin's attack.
You miss the water moccasin.
The water moccasin is severely wounded.
The water moccasin bites you!
You are poisoned.
The water moccasin poisons you!
You hit the water moccasin.
The water moccasin is almost dead.
You feel very sick. The water moccasin bites you!
You are too injured to fight recklessly!
You are too injured to fight recklessly!
You are too injured to fight recklessly!
You barely miss the water moccasin.
The water moccasin is almost dead.
You feel sick.
The water moccasin bites you but does no damage.
You completely miss the water moccasin.
The water moccasin is almost dead.
You feel sick.
The water moccasin bites you but does no damage.
You closely miss the water moccasin.
The water moccasin is almost dead.
You feel sick. The water moccasin bites you!
* * * LOW HITPOINT WARNING * * *
You hit the water moccasin but do no damage.
The water moccasin is almost dead.
You feel sick. The water moccasin bites you!
* * * LOW HITPOINT WARNING * * *
You are more poisoned.
The water moccasin poisons you!
Aiming: Throw Flame
Press: ? - help, Shift-Dir - straight line, f - water moccasin
Aim: a water moccasin (almost dead, 48% to hit)
The puff of flame hits the water moccasin!
You kill the water moccasin!
You die...

#.........# ...
#.........###..#
#######.######.#.....
#.......#............
#.........#####...##.
#.......### ##....#
#.......# ..##.?
#....†..# ..## #
#...@...# #.#
#.......# #.
#<......# #.
#.......# # #########


There were no monsters in sight!

Vanquished Creatures
  Grinder (D:3)
  Sigmund (D:4)
  Menkaure (D:4)
  A water moccasin (D:5)
  2 black bears (D:4)
  3 orc priests
  2 jellies (D:5)
  A gnoll shaman (D:4)
  7 gnolls
  5 adders
  An adder skeleton (D:4)
  5 worms
  8 orcs
  7 endoplasms
  4 giant cockroaches
  7 goblins
  2 hobgoblins
  3 jackals (D:1)
  5 kobolds
  2 quokkas
  6 ball pythons
  5 bats
  3 frilled lizards (D:3)
  8 rats
90 creatures vanquished.

Vanquished Creatures (others)
  4 toadstools (D:1)
4 creatures vanquished.

Grand Total: 94 creatures vanquished

Notes
Turn   | Place    | Note
-------+----------+-------------------------------------------
     0 | D:1      | shoop the Merfolk Gladiator began the quest for the Orb.
     0 | D:1      | Reached XP level 1. HP: 16/16 MP: 1/1
    27 | D:1      | Reached skill level 5 in Polearms
   153 | D:1      | Reached XP level 2. HP: 22/22 MP: 2/2
   831 | D:1      | Reached skill level 6 in Polearms
   831 | D:1      | Reached XP level 3. HP: 27/27 MP: 3/3
  1230 | D:2      | Found an iron altar of Okawaru.
  1453 | D:2      | Reached skill level 7 in Polearms
  1453 | D:2      | Reached XP level 4. HP: 33/33 MP: 4/4
  1801 | D:2      | Found a faded altar of an unknown god.
  2252 | D:3      | Noticed Grinder
  2467 | D:3      | Paralysed by Grinder for 3 turns
  2475 | D:3      | Killed Grinder
  2476 | D:3      | Reached skill level 9 in Polearms
  2476 | D:3      | Reached XP level 5. HP: 23/38 MP: 5/5
  2476 | D:3      | Reached XP level 6. HP: 26/44 MP: 6/6
  2785 | D:3      | Found a transporter.
  2787 | D:3      | Found a transporter.
  2787 | D:3      | Noticed Splatterfish's ghost (amateur GrFi)
  2870 | D:3      | Reached skill level 10 in Polearms
  2917 | D:3      | HP: 2/44 [gnoll (5)]
  4381 | D:4      | Reached XP level 7. HP: 44/50 MP: 7/7
  4400 | D:4      | Reached skill level 11 in Polearms
  4491 | D:4      | Found Afetoud's General Store.
  4495 | D:4      | Noticed Sigmund
  4583 | D:4      | Noticed Menkaure
  4976 | D:4      | Killed Sigmund
  4977 | D:4      | Reached skill level 12 in Polearms
  5227 | D:4      | Noticed Eustachio
  5527 | D:5      | Entered Level 5 of the Dungeon
  5656 | D:4      | Reached skill level 13 in Polearms
  5656 | D:4      | Reached XP level 8. HP: 52/56 MP: 8/8
  5668 | D:4      | Killed Menkaure
  5848 | D:5      | Succumbed to a water moccasin's poison

Illustrated notes

Levels and vault maps discovered:
D:1:      ldierk_water_garden, layout_basic
D:2:      layout_loops_corners, chequers_ecumenical_altar_simple, basic_altar
D:3:      layout_basic, gammafunk_ghost_mausoleum, uniq_grinder
D:4:      layout_basic, serial_shops, shop, uniq_sigmund, uniq_menkaure,
          uniq_eustachio
D:5:      layout_rooms, serial_shops, nicolae_shop_statue_plus,
          uniq_crazy_yiuf_cottage

Skill      XL: |  1  2  3  4  5  6  7 |
---------------+----------------------+-----
Polearms       | 5 6 7 9 10 13 | 13.8
Fighting       | |  2.1
Throwing       | |  2.0
Dodging        | |  4.0

Action                   |  1- 3 |  4- 6 |  7- 9 || total
-------------------------+-------+-------+-------++-------
Melee: Trident           |    99 |   133 |   101 ||   333
       Punch             |     1 |     2 |       ||     3
Throw: Throwing net      |       |     1 |       ||     1
Evoke: Wand              |       |       |     1 ||     1
  Use: Scroll            |       |     6 |     1 ||     7
       Potion            |       |       |     1 ||     1
 Stab: Sleeping          |     2 |     4 |     1 ||     7
Armor: Leather armour    |    16 |    15 |    25 ||    56
       Skin              |       |       |    11 ||    11
Dodge: Dodged            |    42 |    46 |    69 ||   157
Block: Buckler           |       |       |     6 ||     6

Table legend: (Time is in decaauts)
 A = Elapsed time spent in this place.
 B = Non-inter-level travel time spent in this place.
 C = Inter-level travel time spent in this place.
 D = Time resting spent in this place.
 E = Time spent auto-exploring this place.
 F = Levels seen in this place.
 G = Mean time per level.
                   A        B        C        D        E       F      G
               +--------+--------+--------+--------+--------+-----+--------+
         Total |   5798 |   5560 |    238 |    839 |   3826 |   5 | 1159.6 |
       Dungeon |   5798 |   5560 |    238 |    839 |   3826 |   5 | 1159.6 |
               +--------+--------+--------+--------+--------+-----+--------+

Top non-repeatable levels by time:
     D:3: 1639 daAuts
     D:4: 1520 daAuts
     D:2: 1488 daAuts
     D:1: 1020 daAuts
     D:5: 129 daAuts
